 Dungeon Crawl Stone Soup version 0.18.1-50-g88ac8fd (webtiles) character file.

4350 Gargoyl the Protected (level 10, -7/84 HPs)
             Began as a Demonspawn Abyssal Knight on Oct 19, 2016.
             Was an Elder of Lugonu.
             Mangled by Gastronok (23 damage)
             ... on level 9 of the Dungeon.
             The game lasted 00:20:50 (12811 turns).

Gargoyl the Protected (Demonspawn Abyssal Knight)  Turns: 12811, Time: 00:20:50

Health: -7/84      AC: 17    Str: 18    XL:     10   Next: 12%
Magic:  16/16      EV:  9    Int: 13    God:    Lugonu [****..]
Gold:   56         SH:  0    Dex: 13    Spells: 0 memorised, 9 levels left

rFire  . . .     SeeInvis +     E - +3 war axe "Guckeekk" {flame, *Contam Str+2 Stlth+}
rCold  + . .     Gourm    .     d - +0 plate armour
rNeg   . . .     Faith    .     (no shield)
rPois  .         Spirit   .     (no helmet)
rElec  .         Dismiss  .     (no cloak)
rCorr  .         Reflect  .     s - +2 pair of gloves
SustAt .         Harm     .     (boots unavailable)
MR     .....                    (no amulet)
Stlth  ..........               (no ring)
                                n - ring of protection from cold

@: slowed, very slow, not resistant to hostile enchantments, extremely
unstealthy
A: talons 3, repulsion field 1, see invisible, demonic guardian 1, robust 1
a: Depart the Abyss, Bend Space, Banish, Corrupt, Renounce Religion


You were on level 9 of the Dungeon.
You worshipped Lugonu.
Lugonu was greatly pleased with you.
You were not hungry.

You visited 1 branch of the dungeon, and saw 9 of its levels.
You visited the Abyss 1 time.

You collected 581 gold pieces.
You spent 525 gold pieces at shops.

Inventory:

Hand Weapons
 j - a +2 hand axe
 A - a +2 hand axe of flaming
 E - the +3 war axe "Guckeekk" (weapon) {flame, *Contam Str+2 Stlth+}
   (You bought it in a shop on level 7 of the Dungeon)

   It has been specially enchanted to burn those struck by it, causing extra
   injury to most foes and up to half again as much damage against particularly
   susceptible opponents.
   Big, fiery blades are also staple armaments of hydra-hunters.
   It affects your strength (+2).
   It causes magical contamination when unequipped.
   It makes you more stealthy.
Missiles
 r - 4 poisoned javelins (quivered)
Armour
 d - a +0 plate armour (worn)
 s - a +2 pair of gloves (worn)
Jewellery
 n - a ring of protection from cold (left hand)
Wands
 D - a wand of iceblast (10/15)
 G - a wand of flame (13/48)
Scrolls
 f - a scroll of blinking
 g - a scroll of torment {unknown}
 h - 6 scrolls of identify
 m - a scroll of amnesia {unknown}
 t - 3 scrolls of teleportation {unknown}
 u - a scroll of recharging {unknown}
 w - a scroll of enchant armour
 x - 4 scrolls of remove curse
 y - 2 scrolls of holy word {unknown}
 z - 2 scrolls of immolation {unknown}
 C - a scroll of summoning {unknown}
Potions
 a - a potion of brilliance
 e - 2 potions of flight
 i - 2 potions of magic
 k - a potion of degeneration {unknown}
 o - 2 potions of might
 p - 4 potions of curing
 v - 3 potions of ambrosia {unknown}
 B - a potion of agility {unknown}
 I - a potion of mutation {unknown}
Books
 F - a book of Geomancy

   Spells                             Type                      Level
   a - Sandblast                      Earth                        1
   b - Passwall                       Transmutation/Earth          2
   c - Stone Arrow                    Conjuration/Earth            3
   d - Petrify                        Transmutation/Earth          4
   e - Lee's Rapid Deconstruction     Earth                        5
Comestibles
 b - 16 fruits
 c - 2 bread rations
 l - a slice of pizza
 q - 6 meat rations
 H - 5 chunks of flesh


   Skills:
 + Level 6.4 Fighting
 + Level 5.0 Axes
 * Level 9.9 Armour
 + Level 2.6 Dodging
 * Level 8.3 Invocations


You had 9 spell levels left.
You didn't know any spells.

Dungeon Overview and Level Annotations

Branches:
Dungeon (9/15)             Temple (0/1) D:7            Lair (0/8) D:8
    Orc: D:9-12

Altars:
Ashenzari
Cheibriados
Dithmenos
Fedhas
Gozag
Okawaru
Pakellas
Qazlal
Trog
Vehumet
Yredelemnul
The Shining One

Shops:
D:4 ?:(   D:6 **   D:7 (

Annotations:
D:9 Gastronok


Innate Abilities, Weirdness & Mutations

You have claws for feet.
You are surrounded by a mild repulsion field (EV +2).
A weak demonic guardian rushes to your aid.
You are robust (+10% HP).
You have supernaturally acute eyesight.


Message History

Your white imp barely misses Gastronok.
Your white imp hits Gastronok.
Your white imp freezes Gastronok.
Gastronok bites you!!
Unknown command.
You hit Gastronok. You burn Gastronok. Your kick misses Gastronok.
Gastronok is moderately wounded.
Your white imp hits Gastronok.
Your white imp freezes Gastronok.
Your white imp hits Gastronok.
Your white imp freezes Gastronok.
Gastronok bites you!!
* * * LOW HITPOINT WARNING * * *
You slash Gastronok! You burn Gastronok. You claw Gastronok.
Gastronok is heavily wounded.
Your white imp hits Gastronok.
Your white imp freezes Gastronok.
Your white imp hits Gastronok.
Your white imp freezes Gastronok.
Gastronok looks at your white imp and mumbles some strange words.
Your white imp seems to slow down.
Unknown command.
You hit Gastronok. You burn Gastronok.
Gastronok is severely wounded.
Your white imp barely misses Gastronok.
Gastronok bites you!!
You die...

..........# #..# ....
..........###..##....
#..........<........
#......>.........#
#.[...........#
#........###..#
#........# #..#
#.....)..# #..#
#........# #@5#
#....(...# #w.#
#..)(....#
#5.#..##..# ..#
#........#
#..#..##..# #..#
#.#####..#
#..#..##..# #..# #.#
#..# #(.#..##..# #..#
#.# #..#
#..#..##..###..# ..#
#..# #..#..##.......#
..#
#..###..#..##.......#


You could see Gastronok, a friendly quasit and a friendly white imp.

Vanquished Creatures
  Grinder (D:5)
  2 wyverns (D:8)
  A hippogriff (D:9)
  A phantom (D:4)
  An ice beast (D:8)
  3 sky beasts
  A necrophage (D:8)
  2 ogres
  A wolf (D:9)
  A centaur (D:9)
  2 giant frogs (D:8)
  Dowan (D:7)
  4 killer bees (D:7)
  8 wights
  7 crimson imps
  A howler monkey (D:7)
  A quasit (D:9)
  2 centaur zombies
  8 orc wizards
  2 orc priests
  2 centaur skeletons
  3 hounds
  A giant frog skeleton (D:7)
  Ijyb (D:3)
  Natasha (thrice) (D:3)
  2 iguanas
  4 worker ants
  2 killer bee zombies
  A hound zombie (D:8)
  2 hound skeletons
  3 worker ant zombies
  7 gnolls
  A howler monkey skeleton (D:4)
  12 adders
  An ooze (D:3)
  5 worms
  2 giant geckos
  27 orcs
  5 giant cockroaches
  11 goblins
  7 hobgoblins
  9 jackals
  9 kobolds
  A quokka (D:3)
  A ball python (D:3)
  9 bats
  2 giant newts
  A quokka zombie (D:5)
  2 rats
186 creatures vanquished.

Vanquished Creatures (collateral kills)
  A yaktaur (shapeshifter) (D:8)
  Grum (D:9)
  Duvessa (D:7)
  An orc warrior (D:6)
  An ogre (D:8)
  A wolf (D:9)
  A scorpion (D:6)
  An orc wizard (D:7)
  A howler monkey skeleton (D:6)
  An ooze (D:3)
  An orc (D:7)
  A giant cockroach (D:5)
  A jackal (D:7)
13 creatures vanquished.

Vanquished Creatures (others)
  A two-headed ogre (D:8)
  2 hungry ghosts (D:8)
  An orc warrior (D:8)
  A worker ant (D:8)
  A lurking horror (Abyss:2)
6 creatures vanquished.

Grand Total: 205 creatures vanquished

Notes
Turn   | Place    | Note
--------------------------------------------------------------
     0 | Abyss:1  | Gargoyl the Demonspawn Abyssal Knight began the quest for the Orb.
     0 | Abyss:1  | Reached XP level 1. HP: 18/18 MP: 2/2
    54 | Abyss:1  | Noticed a wizard
   123 | Abyss:2  | Noticed an ancient zyme
   157 | Abyss:2  | Noticed an iron imp
   158 | Abyss:2  | Noticed a starcursed mass
   160 | D:1      | Escaped the Abyss
   598 | D:1      | Reached skill level 2 in Armour
   659 | D:1      | Reached skill level 1 in Dodging
   711 | D:1      | Gained mutation: You have sharp toenails. [demonic ancestry]
   711 | D:1      | Reached XP level 2. HP: 22/24 MP: 4/4
   886 | D:1      | Reached * piety under Lugonu
  2132 | D:2      | Gained mutation: You have razor-sharp toenails. [demonic ancestry]
  2132 | D:2      | Reached XP level 3. HP: 27/29 MP: 5/5
  2662 | D:2      | Found a blossoming altar of Fedhas.
  2674 | D:2      | Reached skill level 3 in Armour
  2847 | D:3      | Reached ** piety under Lugonu
  2847 | D:3      | Gained mutation: You have claws for feet. [demonic ancestry]
  2847 | D:3      | Reached XP level 4. HP: 17/35 MP: 6/6
  3021 | D:3      | Noticed Natasha
  3038 | D:3      | Killed Natasha
  3331 | D:3      | Noticed Ijyb
  3376 | D:3      | Killed Ijyb
  3457 | D:3      | Found a snail-covered altar of Cheibriados.
  3522 | D:3      | Gained mutation: A weak demonic guardian rushes to your aid. [demonic ancestry]
  3522 | D:3      | Reached XP level 5. HP: 34/41 MP: 7/7
  3611 | D:3      | Noticed Natasha
  3623 | D:3      | Killed Natasha
  3672 | D:3      | Found a radiant altar of Vehumet.
  4026 | D:3      | Found an oddly glowing altar of Pakellas.
  4380 | D:3      | Noticed Natasha
  4392 | D:3      | Killed Natasha
  4392 | D:3      | Reached skill level 4 in Armour
  4535 | D:4      | Found Otiet Jig's Magic Scroll Shoppe.
  4553 | D:4      | Bought a scroll of enchant armour for 90 gold pieces
  4553 | D:4      | Bought a scroll of blinking for 90 gold pieces
  4564 | D:4      | Found Josa's Book Shoppe.
  4574 | D:4      | Noticed an ogre
  4591 | D:4      | Killed an ogre
  4664 | D:4      | Noticed a phantom
  4677 | D:4      | Reached XP level 6. HP: 29/47 MP: 9/9
  4976 | D:4      | Found a bloodstained altar of Trog.
  5131 | D:4      | Found Toacar's Weapon Shop.
  5275 | D:4      | Reached skill level 5 in Armour
  5516 | D:5      | Entered Level 5 of the Dungeon
  5516 | D:5      | Noticed a sky beast
  5531 | D:5      | Killed a sky beast
  5535 | D:5      | Gained mutation: You have supernaturally acute eyesight. [mutagenic meat]
  5582 | D:5      | Reached XP level 7. HP: 29/53 MP: 10/10
  5595 | D:5      | Reached *** piety under Lugonu
  5786 | D:5      | Found a shattered altar of Ashenzari.
  5786 | D:5      | Found a shadowy altar of Dithmenos.
  5884 | D:5      | Reached skill level 5 in Invocations
  6244 | D:5      | Found a glowing golden altar of the Shining One.
  6619 | D:5      | Reached skill level 6 in Armour
  6645 | D:5      | Found a basalt altar of Yredelemnul.
  6653 | D:5      | Noticed Grinder
  6675 | D:5      | Killed Grinder
  7175 | D:6      | Reached XP level 8. HP: 61/61 MP: 12/12
  7550 | D:6      | Found Koqa's Assorted Antiques.
  7568 | D:6      | Bought a brightly glowing copper ring for 150 gold pieces
  7568 | D:6      | Identified the ring of Geejulem {Str-4 Int+2 Dex+2 SInv} (You bought it in a shop on level 6 of the Dungeon)
  8004 | D:6      | Found Ysaat's Assorted Antiques.
  8055 | D:7      | Identified a scroll of acquirement
  8056 | D:7      | Got a polished cloak
  8067 | D:6      | Identified the +0 cloak "Neolywn" {-Tele Str+6} (You acquired it on level 7 of the Dungeon)
  8171 | D:7      | Noticed Duvessa
  8388 | D:7      | Killed Duvessa
  8388 | D:7      | Reached skill level 5 in Fighting
  8388 | D:7      | Reached skill level 7 in Armour
  8392 | D:7      | Noticed Dowan
  8415 | D:7      | Killed Dowan
  8735 | D:7      | Found Rifipsaopn's Antique Weapon Emporium.
  8996 | D:7      | Reached **** piety under Lugonu
  9202 | D:7      | Reached skill level 8 in Armour
  9450 | D:7      | Found a staircase to the Ecumenical Temple.
 10100 | D:8      | Found a blossoming altar of Fedhas.
 10113 | D:8      | Gained mutation: You are surrounded by a mild repulsion field (EV +2). [demonic ancestry]
 10113 | D:8      | Reached XP level 9. HP: 67/68 MP: 13/13
 10230 | D:8      | Noticed a yaktaur
 10245 | D:8      | Killed a yaktaur
 10486 | D:8      | Found a staircase to the Lair.
 10624 | D:8      | Reached skill level 9 in Armour
 10913 | D:8      | Found an opulent altar of Gozag.
 11499 | D:8      | Found a stormy altar of Qazlal.
 12278 | D:7      | Bought a scorched war axe for 195 gold pieces
 12278 | D:7      | Identified the +3 war axe "Guckeekk" {flame, *Contam Str+2 Stlth+} (You bought it in a shop on level 7 of the Dungeon)
 12360 | D:9      | Found an iron altar of Okawaru.
 12462 | D:9      | Gained mutation: You are robust (+10% HP). [demonic ancestry]
 12462 | D:9      | Reached XP level 10. HP: 66/84 MP: 16/16
 12485 | D:9      | Noticed Grum
 12490 | D:9      | Reached skill level 5 in Axes
 12496 | D:9      | Killed Grum
 12801 | D:9      | Noticed Gastronok
 12811 | D:9      | Mangled by Gastronok

Skill      XL: |  1  2  3  4  5  6  7  8  9 10 |
---------------+-------------------------------+-----
Armour         | 2 3 4 5 6 8 9 |  9.9
Dodging        | 1 2 |  2.6
Invocations    | 3 4 5 6 8 |  8.3
Axes           | 2 3 4 5 |  5.0
Fighting       | 4 5 6 |  6.4

Action                   |  1- 3 |  4- 6 |  7- 9 | 10-12 || total
-------------------------+-------+-------+-------+-------++-------
Melee: Hand axe          |   135 |   258 |   621 |       ||  1014
       Kick              |    17 |    67 |   149 |     8 ||   241
       War axe           |       |       |    19 |    18 ||    37
Throw: Javelin           |       |       |     3 |       ||     3
Invok: Depart the Abyss  |     1 |       |       |       ||     1
       Banish            |       |       |     5 |       ||     5
  Use: Scroll            |     2 |       |    10 |       ||    12
       Potion            |       |     3 |     4 |       ||     7
 Stab: Distracted        |       |     1 |     3 |       ||     4
  Eat: Chunk             |     5 |     5 |    13 |     1 ||    24
       Beef jerky        |       |     1 |     1 |       ||     2
       Fruit             |       |     7 |       |       ||     7
       Bread ration      |       |     1 |     1 |       ||     2
Armor: Plate armour      |   175 |   253 |   486 |    44 ||   958
       Skin              |       |       |    46 |       ||    46
Dodge: Dodged            |    32 |    69 |   252 |    25 ||   378
